AoeStats
← Low_Fuchs

Arabia

510478317Analyzed
1v1 RM · 22h ago on Oct 1, 2026· 42m 50s· 2 players
Game mode
Random Map
Map size
Tiny (2 player)
Population
200
Speed
Normal
Resources
Standard
Victory
Conquest
Starting age
Dark Age
Ending age
Imperial Age
RankedLock teamsTeams togetherTeam positionsShared explorationLock speedFull tech treeHidden civsTurbo modeCheats
Victory
Defeat
🇨🇴 Italians · Colombia
1651
+13
🇩🇪 Huns · Germany
1593
-13
Low_Fuchs
6:06 Loom
9:24 Feudal Age
9:55 Double-Bit Axe
16:57 Fletching
19:35 Padded Archer Armor
24:18 Castle Age
22:00 Horse Collar
25:05 Bodkin Arrow
26:21 Bloodlines
26:11 Husbandry
28:15 Elite Skirmisher
29:11 Leather Archer Armor
29:55 Wheelbarrow
30:35 Ballistics
33:19 Bow Saw
33:10 Heavy Plow
39:32 Imperial Age
43:21 Imperial Age
yhoneyder.delrio
4:48 Loom
9:24 Feudal Age
9:26 Man-at-Arms
10:02 Double-Bit Axe
14:21 Fletching
20:12 Castle Age
18:27 Padded Archer Armor
18:38 Gold Mining
20:52 Bodkin Arrow
21:25 Bow Saw
21:15 Crossbowman
22:03 Horse Collar
27:09 Wheelbarrow
28:56 Ballistics
29:26 Heavy Plow
29:44 Leather Archer Armor
30:18 Stone Mining
30:17 Town Watch
34:54 Imperial Age
33:47 Hand Cart
33:45 Thumb Ring
34:39 Scale Barding Armor
34:45 Forging
34:46 Light Cavalry
35:36 Bloodlines
35:27 Husbandry
35:40 Bracer
36:53 Chemistry
38:27 Chain Barding Armor
40:04 Conscription
40:39 Plate Barding Armor
42:16 Iron Casting
42:11 Ring Archer Armor
41:43 Hussar
Connection lost

Rejoining the realm…

Still unreachable

The connection could not be restored.

Session expired

The server has moved on; the page needs a fresh start.